 Dungeon Crawl Stone Soup version 0.23.0-3-gf3c87f2 (webtiles) character file.

Game seed: 11213624646028111448

220 sking99 the Ruffian (level 5, 0/54 HPs)
             Began as an Ogre Transmuter on Feb 24, 2019.
             Slain by an adder (1 damage)
             ... on level 4 of the Dungeon.
             The game lasted 00:04:29 (2117 turns).

sking99 the Ruffian (Ogre Transmuter)               Turns: 2117, Time: 00:04:29

Health: 0/54       AC:  3    Str: 14    XL:     5   Next: 97%
Magic:  5/8        EV: 10    Int: 15    God:
Gold:   116        SH:  0    Dex:  9    Spells: 2/8 levels left

rFire    . . .     SeeInvis .     - Unarmed
rCold    . . .     Gourm    .   (no shield)
rNeg     . . .     Faith    .   b - +0 robe
rPois    .         Spirit   .   (helmet restricted)
rElec    .         Reflect  .   (no cloak)
rCorr    .         Harm     .   (gloves unavailable)
MR       .....                  (boots unavailable)
Stlth    +.........             (no amulet)
HPRegen  0.18/turn              (no ring)
MPRegen  0.11/turn              (no ring)

@: lethally poisoned (0 -> -9), appendage
A: large, unfitting armour, horns 2, tough skin 1
a: End Transformation


You were on level 4 of the Dungeon.
You were hungry.
You had grown temporary horns.
You visited 1 branch of the dungeon, and saw 3 of its levels.

You collected 116 gold pieces.

Inventory:

Missiles
 a - 6 arrows
Armour
 b - a +0 robe (worn)
Scrolls
 e - 3 scrolls of teleportation {unknown}
 f - 2 scrolls of remove curse {unknown}
 h - a scroll of identify {unknown}
 i - a scroll of amnesia {unknown}
Comestibles
 d - 3 rations


   Skills:
 + Level 3.8 Fighting
 - Level 1.7 Dodging
 * Level 4.6 Unarmed Combat
 - Level 2.4 Spellcasting
 + Level 2.5 Transmutations
 - Level 1.1 Poison Magic


You had 2 spell levels left.
You knew the following spells:

 Your Spells              Type           Power        Failure   Level  Hunger
a - Beastly Appendage     Tmut           #.....       8%          1    #......
b - Sticks to Snakes      Tmut           #.......     11%         2    ###....
c - Spider Form           Tmut/Pois      #.........   30%         3    ###....

Your spell library contained the following spells:

 Spells                   Type           Power        Failure   Level  Hunger
 Ice Form                 Ice/Tmut       #.......     77%         4    #####..
 Blade Hands              Tmut           #.........   90%         5    ######.


Dungeon Overview and Level Annotations

Branches:
Dungeon (2/15)

Altars:


Innate Abilities, Weirdness & Mutations

You are too large for most types of armour.
You have tough skin. (AC +1)
You have a pair of horns on your head.


Message History

The adder bites you.
* * * LOW HITPOINT WARNING * * *
You are more poisoned.
The adder poisons you!
Casting: Beastly Appendage (safe; 8% risk of failure)
Confirm with . or Enter, or press ? or * to list all spells.
You create a snake!
You now have 6 arrows.
* * * LOW HITPOINT WARNING * * *
You feel sick. The adder barely misses you.
* * * LOW HITPOINT WARNING * * *
You feel sick.
* * * LOW HITPOINT WARNING * * *
You feel sick. The adder barely misses you.
You barely miss the adder.
The adder is heavily wounded.
* * * LOW HITPOINT WARNING * * *
You feel sick.
Your ball python misses the adder.
Your ball python grabs the adder.
Your ball python constricts the adder.
The adder bites you.
You die...

####......########
#............รท....
#.##......########
#)##......# #.#########
#.##.....# #.##.....#
#.##.....# #@##(....#
##S##.....# #..S......#
#...).....#### #
..'............####.#
..###.>............)o.$
#......##....####.#
#...###.##....# # #+###
#.##....#


You could see an adder and a friendly ball python.

Vanquished Creatures
  An orc warrior (D:4)
  An orc priest (D:4)
  An iguana (D:4)
  An adder (D:4)
  4 dart slugs (D:1)
  A leopard gecko (D:1)
  3 orcs (D:4)
  A ball python (D:4)
  3 giant cockroaches (D:1)
  2 goblins (D:1)
  A hobgoblin (D:1)
  4 jackals (D:1)
  3 kobolds (D:1)
  2 bats (D:1)
  5 frilled lizards
  5 rats
38 creatures vanquished.

Vanquished Creatures (collateral kills)
  A scorpion (D:4)
1 creature vanquished.

Grand Total: 39 creatures vanquished

Notes
Turn   | Place    | Note
-------+----------+-------------------------------------------
     0 | D:1      | sking99 the Ogre Transmuter began the quest for the Orb.
     0 | D:1      | Reached XP level 1. HP: 19/19 MP: 3/3
   278 | D:1      | Reached skill level 3 in Unarmed Combat
   278 | D:1      | Reached XP level 2. HP: 24/28 MP: 3/5
   416 | D:1      | Learned a level 2 spell: Sticks to Snakes
   734 | D:1      | Reached XP level 3. HP: 33/36 MP: 6/6
   987 | D:1      | You fall through a shaft!
  1288 | D:2      | You fall through a shaft for 2 floors!
  1289 | D:4      | Noticed a scorpion
  1304 | D:4      | Killed a scorpion
  1304 | D:4      | Reached XP level 4. HP: 44/44 MP: 3/7
  1309 | D:4      | Learned a level 3 spell: Spider Form
  1330 | D:4      | Reached skill level 4 in Unarmed Combat
  1736 | D:4      | Noticed an orc warrior
  1772 | D:4      | Killed an orc warrior
  1772 | D:4      | Reached skill level 1 in Poison Magic
  1772 | D:4      | Reached XP level 5. HP: 5/53 MP: 1/8
  2116 | D:4      | HP: 2/54 [poisoned by an adder]
  2117 | D:4      | Slain by an adder

Skill      XL: |  1  2  3  4 |
---------------+-------------+-----
Unarmed Combat | 3 4 |  4.6
Fighting       | 2 3 |  3.8
Transmutations | 2 |  2.5
Poison Magic   | 1 |  1.1
Dodging        | |  1.7
Spellcasting   | |  2.4

Action                   |  1- 3 |  4- 6 || total
-------------------------+-------+-------++-------
Melee: Unarmed           |   124 |    47 ||   171
       Kick              |     4 |       ||     4
       Headbutt          |     4 |       ||     4
       Punch             |     3 |       ||     3
 Cast: Beastly Appendage |     9 |     1 ||    10
       Sticks to Snakes  |     2 |     4 ||     6
       Spider Form       |       |     3 ||     3
  Use: Potion            |       |     1 ||     1
 Stab: Sleeping          |       |     1 ||     1
  Eat: Chunk             |     1 |     3 ||     4
Armor: Robe              |    53 |     4 ||    57
       Skin              |       |     5 ||     5
Dodge: Dodged            |    62 |    10 ||    72
